TOP OF THE 1ST |
Alameda Airmen batting - Pitching for Grand Forks Caterpillars : LHP Dong Zhào
|
Pitching: LHP Dong Zhào
|
|
Batting: RHB Teobaldo Pasquetto
|
0-0: Ball 1-0: Ball 2-0: Called Strike 2-1: Foul Ball, location: 2F 2-2: Strikes out swinging
|
Batting: RHB Guus de Weerdt
|
0-0: Foul Ball, location: 2F 0-1: Ball 1-1: Foul Ball, location: 2F 1-2: Ball 2-2: Ball 3-2: SOLO HOME RUN (Flyball, 7D), Distance : 388 ft
|
Batting: LHB Ed Berry
|
0-0: Ball 1-0: Called Strike 1-1: Ball 2-1: Ball 3-1: Base on Balls
|
Batting: LHB Tim O'Neal
|
0-0: Called Strike 0-1: Foul Ball, location: 2F 0-2: Grounds into double play, 4-6-3 (Groundball, 4)
|
Top of the 1st over - 1 run, 1 hit, 0 errors, 0 left on base; Alameda 1 - Grand Forks 0 |
BOTTOM OF THE 1ST |
Grand Forks Caterpillars batting - Pitching for Alameda Airmen : RHP Glenn Wimmer
|
Pitching: RHP Glenn Wimmer
|
|
Batting: SHB Kilipaki Malamapono
|
0-0: Ball 1-0: Foul Ball, location: 2F 1-1: SINGLE (Groundball, 4MD)
|
Batting: RHB Jun Kung
|
0-0: Called Strike Kilipaki Malamapono steals 2nd base 0-1: Called Strike 0-2: Strikes out swinging
|
Batting: LHB Arana Sashi
|
0-0: Foul Ball, location: 2F 0-1: Foul Ball, location: 2F 0-2: Ball 1-2: Fly out, F8 (Flyball, 8LD) Runner from 2nd tags up, SAFE at 3rd with throw
|
Batting: SHB Tony Walsh
|
0-0: Called Strike 0-1: Ball 1-1: Swinging Strike 1-2: Fly out, F3 (Popup, 3S)
|
Bottom of the 1st over - 0 runs, 1 hit, 0 errors, 1 left on base; Alameda 1 - Grand Forks 0 |
TOP OF THE 2ND |
Alameda Airmen batting - Pitching for Grand Forks Caterpillars : LHP Dong Zhào
|
Batting: RHB Arturo Urquiza
|
0-0: Ball 1-0: Called Strike 1-1: Foul Ball, location: 2F 1-2: Ground out 1-3 (Groundball, 13)
|
Batting: RHB Rafael Gómez
|
0-0: Called Strike 0-1: Swinging Strike 0-2: Ball 1-2: Strikes out swinging
|
Batting: LHB Rodrigo Rodríguez
|
0-0: Ball 1-0: Called Strike 1-1: SINGLE (Line Drive, 6MD)
|
Batting: RHB Johnny Henshaw-Jacobs
|
0-0: Called Strike Rodrigo Rodríguez steals 2nd base 0-1: Swinging Strike 0-2: Ball 1-2: Foul Ball, location: 2F 1-2: DOUBLE (Flyball, 89D) Rodrigo Rodríguez scores
|
Batting: RHB Fernando Miranda
|
0-0: Reached on error, E4 (Groundball, 34D) Johnny Henshaw-Jacobs scores
|
Batting: RHB Teobaldo Pasquetto
|
0-0: Ball 1-0: Swinging Strike 1-1: Ball 2-1: Foul Ball, location: 2F 2-2: Ball 3-2: Base on Balls
|
Batting: RHB Guus de Weerdt
|
0-0: Ball 1-0: Foul Ball, location: 2F 1-1: Foul Ball, location: 2F 1-2: Ball 2-2: SINGLE (Groundball, 6MD) Fernando Miranda to third Teobaldo Pasquetto to second Runner from 3rd tries for Home, SAFE, throw made home
|
Batting: LHB Ed Berry
|
0-0: Called Strike 0-1: Fly out, F4 (Popup, 4D)
|
Top of the 2nd over - 3 runs, 3 hits, 1 error, 2 left on base; Alameda 4 - Grand Forks 0 |
BOTTOM OF THE 2ND |
Grand Forks Caterpillars batting - Pitching for Alameda Airmen : RHP Glenn Wimmer
|
Batting: LHB Ieyoshi Samurakami
|
0-0: Called Strike 0-1: DOUBLE (Flyball, 7LD)
|
Batting: RHB Hang-ki Chung
|
0-0: Ball 1-0: Fly out, F3 (Popup, 34S)
|
Batting: RHB Moriz Ayushiev
|
0-0: Called Strike 0-1: Foul Ball, location: 2F 0-2: Ball 1-2: Ball 2-2: Foul Ball, location: 2F 2-2: Ground out 4-3 (Groundball, 4) Ieyoshi Samurakami to third
|
Batting: RHB Joaquín Lara
|
0-0: Called Strike 0-1: Called Strike 0-2: Ball 1-2: Ball 2-2: Strikes out swinging
|
Bottom of the 2nd over - 0 runs, 1 hit, 0 errors, 1 left on base; Alameda 4 - Grand Forks 0 |
TOP OF THE 3RD |
Alameda Airmen batting - Pitching for Grand Forks Caterpillars : LHP Dong Zhào
|
Batting: LHB Tim O'Neal
|
0-0: Ball 1-0: Foul Ball, location: 2F 1-1: DOUBLE (Line Drive, 9LM)
|
Batting: RHB Arturo Urquiza
|
0-0: Foul Ball, location: 2F 0-1: Ball 1-1: Ball 2-1: Called Strike 2-2: Foul Ball, location: 2F 2-2: Ground out 1-3 (Groundball, 15S)
|
Batting: RHB Rafael Gómez
|
0-0: Fly out, F6 (Popup, 6M)
|
Batting: LHB Rodrigo Rodríguez
|
0-0: Ball 1-0: Foul Ball, location: 2F 1-1: SINGLE (Flyball, 7LS) Tim O'Neal to third Runner from 3rd tries for Home, SAFE, no throw
|
Batting: RHB Johnny Henshaw-Jacobs
|
0-0: Called Strike 0-1: Foul Ball, location: 2F 0-2: Ball Pickoff Throw to First - Out!
|
Top of the 3rd over - 1 run, 2 hits, 0 errors, 0 left on base; Alameda 5 - Grand Forks 0 |
BOTTOM OF THE 3RD |
Grand Forks Caterpillars batting - Pitching for Alameda Airmen : RHP Glenn Wimmer
|
Batting: LHB Vicente Gonzáles
|
0-0: Ball 1-0: Ball 2-0: Called Strike 2-1: Fly out, F6 (Popup, 4M)
|
Batting: SHB Kilipaki Malamapono
|
0-0: Ball 1-0: Foul Ball, location: 2F 1-1: Ground out U3 (Groundball, 3)
|
Batting: RHB Jun Kung
|
0-0: Called Strike 0-1: Ball 1-1: SINGLE (Line Drive, 78S)
|
Batting: LHB Arana Sashi
|
0-0: Ball 1-0: Foul Ball, location: 2F 1-1: Fly out, F7 (Line Drive, 7D)
|
Bottom of the 3rd over - 0 runs, 1 hit, 0 errors, 1 left on base; Alameda 5 - Grand Forks 0 |
TOP OF THE 4TH |
Alameda Airmen batting - Pitching for Grand Forks Caterpillars : LHP Dong Zhào
|
Batting: RHB Johnny Henshaw-Jacobs
|
0-0: Ball 1-0: DOUBLE (Line Drive, 7LS)
|
Batting: RHB Fernando Miranda
|
0-0: Foul Ball, location: 2F 0-1: Ball 1-1: Swinging Strike 1-2: Ball 2-2: Strikes out swinging
|
Batting: RHB Teobaldo Pasquetto
|
0-0: Ground out 6-3 (Groundball, 6)
|
Batting: RHB Guus de Weerdt
|
0-0: Fly out, F7 (Flyball, 7)
|
Top of the 4th over - 0 runs, 1 hit, 0 errors, 1 left on base; Alameda 5 - Grand Forks 0 |
BOTTOM OF THE 4TH |
Grand Forks Caterpillars batting - Pitching for Alameda Airmen : RHP Glenn Wimmer
|
Batting: SHB Tony Walsh
|
0-0: Called Strike 0-1: Swinging Strike 0-2: Fly out, F7 (Flyball, 78M)
|
Batting: LHB Ieyoshi Samurakami
|
0-0: Ball 1-0: Fly out, F7 (Flyball, 7D)
|
Batting: RHB Hang-ki Chung
|
0-0: Foul Ball, location: 2F 0-1: Foul Ball, location: 2F 0-2: SINGLE (Groundball, 34D)
|
Batting: RHB Moriz Ayushiev
|
0-0: Called Strike 0-1: Ball 1-1: Fly out, F7 (Flyball, 7S)
|
Bottom of the 4th over - 0 runs, 1 hit, 0 errors, 1 left on base; Alameda 5 - Grand Forks 0 |
TOP OF THE 5TH |
Alameda Airmen batting - Pitching for Grand Forks Caterpillars : LHP Dong Zhào
|
Batting: LHB Ed Berry
|
0-0: Ball 1-0: Ball 2-0: Ball 3-0: Called Strike 3-1: Ground out 4-3 (Groundball, 34D)
|
Batting: LHB Tim O'Neal
|
0-0: Ball 1-0: Ball 2-0: Ground out U3 (Groundball, 34)
|
Batting: RHB Arturo Urquiza
|
0-0: Called Strike 0-1: Fly out, F8 (Flyball, 8RD)
|
Top of the 5th over - 0 runs, 0 hits, 0 errors, 0 left on base; Alameda 5 - Grand Forks 0 |
BOTTOM OF THE 5TH |
Grand Forks Caterpillars batting - Pitching for Alameda Airmen : RHP Glenn Wimmer
|
Batting: RHB Joaquín Lara
|
0-0: Called Strike 0-1: Ball 1-1: Reached on error, E6 (Groundball, 6)
|
Batting: LHB Vicente Gonzáles
|
0-0: Ball 1-0: Called Strike 1-1: Called Strike 1-2: Foul Ball, location: 2F 1-2: Foul Ball, location: 2F 1-2: Fly out, F8 (Flyball, 8RM)
|
Batting: SHB Kilipaki Malamapono
|
0-0: Ball 1-0: Fly out, F9 (Flyball, 9D)
|
Batting: RHB Jun Kung
|
0-0: Called Strike 0-1: Ball 1-1: Foul Ball, location: 2F 1-2: SINGLE (Line Drive, 6M) Joaquín Lara to second
|
Batting: LHB Arana Sashi
|
0-0: Ball 1-0: Ground out 4-3 (Groundball, 4S)
|
Bottom of the 5th over - 0 runs, 1 hit, 1 error, 2 left on base; Alameda 5 - Grand Forks 0 |
TOP OF THE 6TH |
Alameda Airmen batting - Pitching for Grand Forks Caterpillars : LHP Dong Zhào
|
Pitching: RHP Juan Téllez
|
|
Batting: RHB Rafael Gómez
|
0-0: Ball 1-0: Called Strike 1-1: Ball 2-1: Foul Ball, location: 2F 2-2: Strikes out swinging
|
Batting: LHB Rodrigo Rodríguez
|
0-0: Fly out, F9 (Flyball, 9LSF)
|
Batting: RHB Johnny Henshaw-Jacobs
|
0-0: Called Strike 0-1: Ground out 6-3 (Groundball, 6)
|
Top of the 6th over - 0 runs, 0 hits, 0 errors, 0 left on base; Alameda 5 - Grand Forks 0 |
BOTTOM OF THE 6TH |
Grand Forks Caterpillars batting - Pitching for Alameda Airmen : RHP Glenn Wimmer
|
Batting: SHB Tony Walsh
|
0-0: Ball 1-0: Swinging Strike 1-1: Called Strike 1-2: Ball 2-2: Ground out U3 (Groundball, 3L)
|
Batting: LHB Ieyoshi Samurakami
|
0-0: Foul Ball, location: 2F 0-1: Fly out, F8 (Flyball, 8LD)
|
Batting: RHB Hang-ki Chung
|
0-0: Called Strike 0-1: Ball 1-1: Ground out 4-3 (Groundball, 4)
|
Bottom of the 6th over - 0 runs, 0 hits, 0 errors, 0 left on base; Alameda 5 - Grand Forks 0 |
TOP OF THE 7TH |
Alameda Airmen batting - Pitching for Grand Forks Caterpillars : RHP Juan Téllez
|
Batting: RHB Fernando Miranda
|
0-0: Ball 1-0: Foul Ball, location: 2F 1-1: SINGLE (Groundball, 56D)
|
Batting: RHB Teobaldo Pasquetto
|
0-0: Ball 1-0: Ball 2-0: Called Strike 2-1: Called Strike 2-2: Fly out, F8 (Flyball, 8RD)
|
Batting: RHB Guus de Weerdt
|
0-0: Called Strike 0-1: Grounds into double play, 6-4-3 (Groundball, 6)
|
Top of the 7th over - 0 runs, 1 hit, 0 errors, 0 left on base; Alameda 5 - Grand Forks 0 |
BOTTOM OF THE 7TH |
Grand Forks Caterpillars batting - Pitching for Alameda Airmen : RHP Glenn Wimmer
|
Batting: RHB Moriz Ayushiev
|
0-0: Ball 1-0: Called Strike 1-1: Ball 2-1: Fly out, F5 (Popup, 5S)
|
Batting: RHB Joaquín Lara
|
0-0: Called Strike 0-1: Foul Ball, location: 2F 0-2: Strikes out swinging, 2-3 out at first.
|
Batting: LHB Vicente Gonzáles
|
0-0: Ball 1-0: SINGLE (Line Drive, 4D)
|
Batting: SHB Kilipaki Malamapono
|
0-0: Ball 1-0: Fielders Choice at 2nd, 5-4 (Groundball, 5)
|
Bottom of the 7th over - 0 runs, 1 hit, 0 errors, 1 left on base; Alameda 5 - Grand Forks 0 |
TOP OF THE 8TH |
Alameda Airmen batting - Pitching for Grand Forks Caterpillars : RHP Juan Téllez
|
Batting: LHB Ed Berry
|
0-0: Called Strike 0-1: Ball 1-1: SINGLE (Groundball, 3D)
|
Batting: LHB Tim O'Neal
|
0-0: Called Strike Ed Berry steals 2nd base 0-1: Called Strike 0-2: Strikes out swinging
|
Batting: RHB Arturo Urquiza
|
0-0: Called Strike 0-1: Ball 1-1: Ball 2-1: Ball 3-1: Base on Balls
|
Batting: RHB Rafael Gómez
|
0-0: Fly out, F6 (Popup, 6)
|
Pitching: RHP Elias Ijzendoorn
|
|
Batting: LHB Rodrigo Rodríguez
|
0-0: Called Strike Arturo Urquiza steals 2nd base Ed Berry to third 0-1: Ground out U3 (Groundball, 3)
|
Top of the 8th over - 0 runs, 1 hit, 0 errors, 2 left on base; Alameda 5 - Grand Forks 0 |
BOTTOM OF THE 8TH |
Grand Forks Caterpillars batting - Pitching for Alameda Airmen : RHP Glenn Wimmer
|
Pitching: RHP Patrick Buzard
|
|
Batting: RHB Jun Kung
|
0-0: Called Strike 0-1: Fly out, F7 (Flyball, 7S)
|
Batting: LHB Arana Sashi
|
0-0: Ground out 6-3 (Groundball, 6)
|
Batting: SHB Tony Walsh
|
0-0: Ball 1-0: Ball 2-0: Called Strike 2-1: Ball 3-1: Base on Balls
|
Batting: LHB Ieyoshi Samurakami
|
0-0: Called Strike 0-1: Ball 1-1: SINGLE (Line Drive, 3) Tony Walsh to second Runner from 2nd tries for 3rd, SAFE, no throw
|
Batting: RHB Hang-ki Chung
|
0-0: Called Strike 0-1: Ball 1-1: Swinging Strike 1-2: Ball 2-2: Fly out, F2 (Popup, 2RF)
|
Bottom of the 8th over - 0 runs, 1 hit, 0 errors, 2 left on base; Alameda 5 - Grand Forks 0 |
TOP OF THE 9TH |
Alameda Airmen batting - Pitching for Grand Forks Caterpillars : RHP Elias Ijzendoorn
|
Batting: RHB Johnny Henshaw-Jacobs
|
0-0: Called Strike 0-1: Called Strike 0-2: Foul Ball, location: 2F 0-2: Strikes out swinging
|
Batting: RHB Fernando Miranda
|
0-0: Ball 1-0: Ball 2-0: Foul Ball, location: 2F 2-1: Ball 3-1: Foul Ball, location: 2F 3-2: Strikes out looking
|
Batting: RHB Teobaldo Pasquetto
|
0-0: Ball 1-0: Foul Ball, location: 2F 1-1: Ball 2-1: TRIPLE (Line Drive, 9D)
|
Batting: RHB Guus de Weerdt
|
0-0: SINGLE (Groundball, 56D) Teobaldo Pasquetto scores
|
Batting: LHB Ed Berry
|
0-0: Ball 1-0: Swinging Strike 1-1: Foul Ball, location: 2F 1-2: Foul Ball, location: 2F 1-2: Ground out 1-3 (Groundball, P)
|
Top of the 9th over - 1 run, 2 hits, 0 errors, 1 left on base; Alameda 6 - Grand Forks 0 |
BOTTOM OF THE 9TH |
Grand Forks Caterpillars batting - Pitching for Alameda Airmen : RHP Patrick Buzard
|
Batting: RHB Moriz Ayushiev
|
0-0: Ball 1-0: Foul Ball, location: 2F 1-1: Ground out 6-3 (Groundball, 6)
|
Batting: RHB Joaquín Lara
|
0-0: Ball 1-0: Foul Ball, location: 2F 1-1: Foul Ball, location: 2F 1-2: Ball 2-2: Foul Ball, location: 2F 2-2: Ground out 5-3 (Groundball, 56)
|
Batting: LHB Vicente Gonzáles
|
0-0: Ball 1-0: Fly out, F7 (Flyball, 7)
|
Bottom of the 9th over - 0 runs, 0 hits, 0 errors, 0 left on base; Alameda 6 - Grand Forks 0 |
|